 Dungeon Crawl Stone Soup version 0.28-a0-750-g7c675f85b1 (webtiles) character file.

Game seed: 7058686526491906754

23 KoroneIsBestGirl the Chiller (level 3, 0/24 HPs)
             Began as a Barachi Ice Elementalist on Oct 30, 2021.
             Slain by an endoplasm (1 damage)
             ... on level 1 of the Dungeon.
             The game lasted 00:00:55 (946 turns).

KoroneIsBestGirl the Chiller (BaIE)                  Turns: 946, Time: 00:00:56

Health: 0/24       AC:  2    Str:  9    XL:     3   Next: 0%
Magic:  0/7        EV: 12    Int: 16    God:
Gold:   28         SH:  0    Dex: 12    Spells: 6/7 levels left

rFire   . . .      SeeInvis .   c - +0 club
rCold   . . .      Faith    .   (no shield)
rNeg    . . .      Spirit   .   a - +0 robe
rPois   .          Reflect  .   (no helmet)
rElec   .          Harm     .   (no cloak)
rCorr   .          Rampage  .   (no gloves)
Will    .....                   (no boots)
Stlth   ++........              (no amulet)
HPRegen 0.08/turn               (no ring)
MPRegen 0.10/turn               (no ring)

@: slow
A: amphibious, slowness 1, strong legs 1, +LOS
a: Hop


You were on level 1 of the Dungeon.
You visited 1 branch of the dungeon, and saw 1 of its levels.

You collected 28 gold pieces.

Inventory:

Hand Weapons
 c - a +0 club (weapon)
Armour
 a - a +0 robe (worn)
Scrolls
 b - 2 scrolls of identify {unknown}
 e - a scroll of enchant armour {unknown}
Potions
 d - a potion of magic {unknown}


   Skills:
 + Level 2.8 Dodging
 - Level 1.7 Stealth
 + Level 2.7 Spellcasting
 + Level 5.1 Ice Magic


You had 6 spell levels left.
You knew the following spells:

 Your Spells              Type           Power      Damage    Failure   Level
a - Freeze                Ice            72%        1d9       2%          1

Your spell library contained the following spells:

 Spells                   Type           Power      Damage    Failure   Level
 Frozen Ramparts          Ice            36%        1d5       7%          3
 Ozocubu's Armour         Ice            18%        N/A       7%          3
 Hailstorm                Conj/Ice       10%        3d5       54%         4


Dungeon Overview and Level Annotations

Branches:
Dungeon (1/15)

Altars:


Innate Abilities, Weirdness & Mutations

You are amphibious.
You cover ground slowly.
You can hop short distances.
You have an extended range of vision and can be seen from far away.


Message History

The giant cockroach is moderately wounded.
The giant cockroach closely misses you. The endoplasm hits you.
The giant cockroach bites you.
Your magical contamination has completely faded away.
You barely miss the giant cockroach.
The giant cockroach is moderately wounded.
The endoplasm closely misses you.
The giant cockroach bites you but does no damage.
You hit the giant cockroach but do no damage.
The giant cockroach is moderately wounded.
The giant cockroach barely misses you. The endoplasm hits you.
The giant cockroach completely misses you.
The endoplasm freezes you.
You are frozen.
You are too injured to fight recklessly!
You are too injured to fight recklessly!
Casting: Freeze (safe; 2% risk of failure)
Confirm with . or Enter, or press ? or * to list all spells.
Aiming: Freeze (safe; 2% risk of failure)
Press: ? - help, Shift-Dir - straight line, f - endoplasm
Aim: an endoplasm You freeze the endoplasm.
The endoplasm is severely wounded.
The giant cockroach bites you. The endoplasm freezes you.
You are frozen.
* * * LOW HITPOINT WARNING * * *
You hit the endoplasm but do no damage.
The endoplasm is severely wounded.
The giant cockroach misses you. The endoplasm hits you.
* * * LOW HITPOINT WARNING * * *
You hit the endoplasm.
The endoplasm is almost dead.
The giant cockroach barely misses you. The endoplasm hits you.
* * * LOW HITPOINT WARNING * * *
The giant cockroach barely misses you.
You barely miss the endoplasm.
The endoplasm is almost dead.
The giant cockroach closely misses you. The endoplasm hits you.
You die...

.................# #..#
...............#†# #..#
#............##..## #..#
.#..........#.#...####...
#.##......##.#..........#
. #.#....#.##.......###..
#.#.####.#.#.......# ..#
.#.##..##.#........##.##
$.##...@##........###...
........BJ...........+...
...........)...(....##...
...##....##.(.....#.## ..
##..##.#......#.# ###
.#.#.....#.. #J##.....##.
#...## #..#


You could see an endoplasm and a giant cockroach.

Vanquished Creatures
  A dart slug (D:1)
  3 bats (D:1)
  5 endoplasms (D:1)
  2 goblins (D:1)
  A hobgoblin (D:1)
  2 quokkas (D:1)
  A ball python (D:1)
  A kobold (D:1)
  2 rats (D:1)
18 creatures vanquished.

Notes
Turn   | Place    | Note
-------+----------+-------------------------------------------
     0 | D:1      | KoroneIsBestGirl the Barachi Ice Elementalist began the
                  | quest for the Orb.
     0 | D:1      | Reached XP level 1. HP: 13/13 MP: 3/3
   442 | D:1      | Reached skill level 5 in Ice Magic
   442 | D:1      | Reached XP level 2. HP: 19/19 MP: 5/5
   937 | D:1      | Reached XP level 3. HP: 17/24 MP: 0/7
   945 | D:1      | HP: 1/24 [endoplasm (2)]
   946 | D:1      | Slain by an endoplasm

Illustrated notes

Levels and vault maps discovered:
D:1:      dpeg_arrival_ratfight, layout_basic, serial_shops, shop_statue,
          nicolae_shop_statue_plus, minmay_misc_feat_secret_circle,
          minmay_indecisive_spiral

Skill      XL: |  1 |
---------------+----+-----
Ice Magic      | 5 |  5.1
Dodging        | |  2.8
Stealth        | |  1.7
Spellcasting   | |  2.7

Action                   || total
-------------------------++-------
Melee: Club              ||    15
 Cast: Freeze            ||    27
Armor: Robe              ||     4
Dodge: Dodged            ||    36

Table legend: (Time is in decaauts)
 A = Elapsed time spent in this place.
 B = Non-inter-level travel time spent in this place.
 C = Inter-level travel time spent in this place.
 D = Time resting spent in this place.
 E = Time spent auto-exploring this place.
 F = Levels seen in this place.
 G = Mean time per level.
                   A        B        C        D        E       F      G
               +--------+--------+--------+--------+--------+-----+--------+
         Total |    981 |    981 |      0 |      0 |    864 |   1 |  981.0 |
       Dungeon |    981 |    981 |      0 |      0 |    864 |   1 |  981.0 |
               +--------+--------+--------+--------+--------+-----+--------+

Top non-repeatable levels by time:
     D:1: 981 daAuts
